 Dungeon Crawl Stone Soup version 0.30-a0-1066-g63dfefce0d (webtiles) character file.

Game seed: 11838704149472416970

145875 Zeldest the Unseen (level 16, -5/69 (79) HPs)
             Began as a Spriggan Hexslinger on Apr 12, 2023.
             Was the Champion of Wu Jian.
             Slain by a pharaoh ant (10 damage)
             ... on level 1 of the Spider Nest.
             The game lasted 02:02:35 (32075 turns).

Zeldest the Unseen (Spriggan Hexslinger)           Turns: 32075, Time: 02:02:36

HP:   -5/69 (79)    AC:  7    Str:  6    XL:     16   Next: 88%
MP:   26/26         EV: 28    Int: 20    God:    Wu Jian [******]
Gold: 2107          SH:  0    Dex: 20    Spells: 1/27 levels left

rFire   + . .      SeeInvis +    a - +7 captain's cutlass {speed, disarm}
rCold   . . .      Faith    .    (no shield)
rNeg    . . .      Spirit   .    T - +2 robe {Will+}
rPois   .          Reflect  .    I - +1 hat
rElec   +          Rampage  .    Q - +1 cloak of Dudocyko {rF+ Regen+ Dex+2}
rCorr   +                        (gloves unavailable)
Will    +++..                    (boots unavailable)
Stlth   ++++++++                 U - amulet of the acrobat
HPRegen 1.11/turn                V - ring of resist corrosion
MPRegen 0.20/turn                v - ring "Xaetucvy" {rElec Slay+2 SInv}

@: heavily drained, very quick
A: very small, no large weapons, unfitting armour, see invisible, speed 3,
talons 1, camouflage 1, MP-powered wands
a: Renounce Religion, Wall Jump, Serpent's Lash, Heavenly Storm


You were on level 1 of the Spider Nest.
You worshipped Wu Jian.
Wu Jian was exalted by your worship.
You visited 4 branches of the dungeon, and saw 23 of its levels.
You also visited: Bailey and Gauntlet.

You collected 2917 gold pieces.
You spent 810 gold pieces at shops.

Inventory:

Hand Weapons
 a - the +7 captain's cutlass (weapon) {speed, disarm}
   (You bought it in a shop on level 2 of the Orcish Mines)
 b - a +1 dagger of venom
 s - a +1 sling
 w - a +7 rapier of speed
Missiles
 S - a throwing net
Armour
 o - +0 swamp dragon scales
 I - a +1 hat (worn)
 Q - the +1 cloak of Dudocyko (worn) {rF+ Regen+ Dex+2}
   (You acquired it on level 2 of the Lair of Beasts)

   Dex:       It affects your dexterity (+2).
   rF:        It protects you from fire.
   Regen:     It increases your rate of health regeneration.
 T - a +2 robe of willpower (worn)
Jewellery
 r - the ring of the Thistle {rElec rF+ Will- SInv Stlth+}
   (You found it in a Gauntlet)

   [ring of protection from fire]

   rF:        It protects you from fire.
   rElec:     It insulates you from electricity.
   SInv:      It lets you see invisible.
   Will:      It decreases your willpower.
   Stlth:     It makes you more stealthy.
 v - the ring "Xaetucvy" (right hand) {rElec Slay+2 SInv}
   (You took it off a minotaur in a Gauntlet)

   [ring of see invisible]

   Slay:      It affects your accuracy & damage with ranged weapons and melee
   (+2).
   rElec:     It insulates you from electricity.
   SInv:      It lets you see invisible.
 U - an amulet of the acrobat (around neck)
 V - a ring of resist corrosion (left hand)
Wands
 j - a wand of quicksilver (10)
 n - a wand of mindburst (14)
 q - a wand of roots (16)
 F - a wand of paralysis (13)
 H - a wand of digging (4)
 R - a wand of flame (36)
Scrolls
 c - a scroll of torment
 e - 2 scrolls of fear
 h - 2 scrolls of silence
 l - 4 scrolls of blinking
 m - 3 scrolls of noise
 p - 5 scrolls of butterflies
 t - 4 scrolls of poison
 x - 2 scrolls of amnesia
 y - 4 scrolls of enchant armour
 A - 17 scrolls of teleportation
 E - a scroll of vulnerability
 G - 2 scrolls of brand weapon
 J - a scroll of immolation
 L - 2 scrolls of identify
 O - a scroll of magic mapping
 X - a scroll of enchant weapon
Potions
 d - 8 potions of curing
 g - 2 potions of haste
 i - 3 potions of berserk rage
 k - 6 potions of flight
 u - 6 potions of ambrosia
 z - 7 potions of heal wounds
 B - 3 potions of mutation
 C - 2 potions of attraction
 D - 7 potions of might
 M - 3 potions of brilliance
 N - 3 potions of cancellation
 P - 3 potions of lignification
Miscellaneous
 f - a lightning rod (4/4)


   Skills:
 - Level 6.4 Fighting
 - Level 14.0 Short Blades
 - Level 2.8 Ranged Weapons
 + Level 13.5 Dodging
 - Level 19.2 Stealth
 - Level 6.0 Spellcasting
 - Level 5.5 Conjurations
 + Level 14.5 Hexes
 - Level 14.9 Translocations
 - Level 10.5 Transmutations


You had one spell level left.
You knew the following spells:

 Your Spells              Type           Power      Damage    Failure   Level
a - Ensorcelled Hibernat  Hex/Ice        70%        N/A       1%          2
b - Slow                  Hex            100%       N/A       1%          1
c - Blink                 Tloc           100%       N/A       1%          2
d - Dazzling Flash        Conj/Hex       92%        N/A       1%          3
e - Irradiate             Conj/Tmut      19%        3d18      11%         5
f - Enfeeble              Hex            29%        N/A       22%         7
g - Dispersal             Tloc           30%        N/A       3%          6

Your spell library contained the following spells:

 Spells                   Type           Power      Damage    Failure   Level
 Magic Dart               Conj           100%       1d8       1%          1
 Foxfire                  Conj/Fire      68%        2x1d7     3%          1
 Kiss of Death            Conj/Necr      68%        2d10      3%          1
 Passwall                 Tmut/Erth      22%        N/A       1%          2
 Searing Ray              Conj           56%        2d6       1%          2
 Confusing Touch          Hex            59%        N/A       1%          3
 Gell's Gravitas          Tloc           60%        N/A       1%          3
 Inner Flame              Hex/Fire       35%        N/A       1%          3
 Portal Projectile        Hex/Tloc       100%       N/A       1%          3
 Teleport Other           Tloc           60%        N/A       1%          3
 Tukima's Dance           Hex            59%        N/A       1%          3
 Volatile Blastmotes      Fire/Tloc      70%        2d15      1%          3
 Cause Fear               Hex            29%        N/A       1%          4
 Fulminant Prism          Conj/Hex       23%        3d12      1%          4
 Iskenderun's Mystic Bla  Conj/Tloc      47%        2d10      1%          4
 Manifold Assault         Tloc           60%        N/A       1%          4
 Blade Hands              Tmut           24%        N/A       3%          5
 Anguish                  Hex/Necr       17%        N/A       5%          4
 Petrify                  Tmut/Erth      27%        N/A       12%         4
 Cigotuvi's Dreadful Rot  Necr/Pois/Air  12%        N/A       16%         2
 Sublimation of Blood     Necr           6%         N/A       16%         2
 Iskenderun's Battlesphe  Conj           28%        2d8       28%         5
 Swiftness                Air            6%         N/A       30%         3
 Fireball                 Conj/Fire      8%         3d6       67%         5
 Animate Dead             Necr           6%         N/A       71%         4
 Dispel Undead            Necr           6%         3d8       71%         4
 Borgnjor's Vile Clutch   Necr/Erth      3%         N/A       96%         5
 Conjure Ball Lightning   Conj/Air       8%         3x3d6     99%         6
 Iron Shot                Conj/Erth      8%         9d3       99%         6
 Starburst                Conj/Fire      8%         6d4       99%         6
 Death Channel            Necr           3%         N/A       100%        6
 Orb of Destruction       Conj           14%        9d7       100%        7
 Storm Form               Tmut/Air       13%        N/A       100%        7


Dungeon Overview and Level Annotations

Branches:
Dungeon (15/15) Zot: 26206  Temple (0/1) D:5            Lair (5/5) D:10 Zot: 23489
 Shoals (0/4) Lair:3       Spider (1/4) Lair:3 Zot: 5887   Slime (0/5) Lair:4
    Orc (2/2) D:12 Zot: 10782     Elf (0/3) Orc:2        Depths (0/4) D:15
 Bailey (visited)         Gauntlet (visited)
 Vaults: D:13-14

Altars:
Cheibriados
Hepliaklqana
Okawaru
Wu Jian
Zin

Shops:
D:3 !!!!?   D:13 *   D:15 (   Orc:1 *   Orc:2 (((*

Annotations:
D:5 8 runed translucent doors, exclusions: orc, 2 orc priests and orc wizard, BlueFalcon's ghost, amateur DrCj
D:7 exclusion: door
D:10 1 runed translucent door, SingularityParadox's ghost, journeyman DsGl
D:12 exclusions: 4 skeletal warriors and 4 more exclusions
D:14 2 transporters, exclusion: 2 doors, Imiczer's ghost, journeyman FoFi
Lair:4 exclusion: oklob plant
Lair:5 2 transporters, exclusion: obsidian statue, jimonade's ghost, journeyman GnWr
Orc:1 3 runed translucent doors, Nudyvat's ghost, journeyman DsGl


Innate Abilities, Weirdness & Mutations

You are very small and have problems with some larger weapons.
You are too small for most types of armour.
You have supernaturally acute eyesight. (SInv)
You cover ground extremely quickly. (Speed+++)
You have sharp toenails.
Your skin changes colour to match your surroundings (Stealth+).
You expend magic power (3 MP) to strengthen your wands.


Message History

You hit the demonic crawler.
The demonic crawler is moderately wounded.
The demonic crawler misses you. The demonic crawler hits you.
The demonic crawler barely misses you.
You puncture the demonic crawler!
The demonic crawler is moderately wounded.
You barely miss the demonic crawler. You claw the demonic crawler.
The demonic crawler is moderately wounded.
The demonic crawler misses you. x2
The demonic crawler completely misses you.
You hit the demonic crawler.
The demonic crawler is moderately wounded.
You hit the demonic crawler. Your kick misses the demonic crawler.
The demonic crawler is heavily wounded.
The demonic crawler completely misses you. x2
The demonic crawler misses you.
You puncture the demonic crawler!
You claw the demonic crawler, but do no damage.
The demonic crawler is heavily wounded.
You puncture the demonic crawler! You claw the demonic crawler.
The demonic crawler is severely wounded.
The demonic crawler closely misses you.
The demonic crawler completely misses you.
The demonic crawler misses you.
You puncture the demonic crawler! You claw the demonic crawler!
The demonic crawler is almost dead.
You puncture the demonic crawler!
You kill the demonic crawler!
The Council accepts your kill.
There is a hole to the Spider Nest, spattered with blood here.
You start resting.
Your magical contamination has completely faded away.
You start resting.
HP restored.
You climb downwards.
Welcome back to the Spider Nest!
This branch contains the gossamer rune of Zot.
The pharaoh ant bites you!!!
You feel drained. The pharaoh ant bites you!!
* * * LOW HITPOINT WARNING * * *
You feel drained.
You die...

.......## .....#..
.....#.### ##
.s.......####### .#####
.........#..##.####..#..#
.....ss.###..#..#.......#
.....B.##......s...#...#
.......#......sB@..†..#
........†.#.....†.....##
...............†....^.>#
...(...................#
...............#......##
..........##†.........#
...................#.##
..........^....†..####
†.........#......##


You could see a wolf spider, a pharaoh ant and a redback.

Vanquished Creatures
  Jorgrun (D:15)
  Agnes (D:15)
  Gastronok (Lair:3)
  Kirke (D:15)
  An orc warlord (Bailey)
  5 dire elephants (Lair:5)
  A minotaur (Gauntlet)
  Snorg (Orc:1)
  Josephine (Orc:2)
  A rakshasa (D:11)
  Erolcha (D:11)
  An ice dragon (D:15)
  7 hydras
  3 two-headed ogres
  A catoblepas (D:13)
  3 boulder beetles
  7 centaur warriors
  2 tengu warriors (D:15)
  Urug (Orc:1)
  5 death yaks
  An orc high priest (Orc:2)
  A pharaoh ant (Lair:3)
  2 spectral death yaks (Lair:5)
  A spectral anaconda (Lair:5)
  3 wizards
  A lindwurm (Lair:5)
  4 ugly things
  4 orc knights
  4 deep elf pyromancers
  4 necromancers
  2 wolf spiders (Spider:1)
  7 orc sorcerers
  5 manticores
  3 cyclopes
  26 elephants
  A worldbinder (Gauntlet)
  A centaur zombie (D:15)
  4 black mambas
  2 naga magi (D:15)
  A dire elephant zombie (Lair:5)
  A torpor snail (Lair:1)
  14 cane toads
  2 demonic crawlers
  2 unseen horrors
  A centaur skeleton (D:15)
  8 yaktaurs (D:15)
  A freezing wraith (D:14)
  A tengu conjurer (D:14)
  2 rime drakes
  10 komodo dragons
  9 trolls
  2 polar bears (Lair:1)
  A spectral elephant (Lair:5)
  A tarantella (Spider:1)
  8 dream sheep
  3 hornets
  11 blink frogs
  A wind drake (D:14)
  A raiju (shapeshifter) (D:15)
  4 culicivoras (Spider:1)
  A vampire (D:11)
  4 shadows
  41 yaks
  3 jumping spiders (Spider:1)
  4 wraiths
  6 wyverns
  6 basilisks
  2 death yak simulacra (Lair:5)
  2 steam dragons
  5 redbacks (Spider:1)
  A warg (shapeshifter) (D:14)
  A spectral cane toad (Lair:5)
  10 vampire mosquitoes
  5 wargs
  15 water moccasins
  33 orc warriors
  5 black bears
  2 elephant zombies (Lair:5)
  7 ogres
  4 sky beasts (D:14)
  9 wolves
  An elephant skeleton (Lair:5)
  5 centaurs
  A boggart (Gauntlet)
  3 phantoms
  6 kobold brigands
  13 bullfrogs
  2 gnoll sergeants (D:8)
  A cane toad simulacrum (Lair:5)
  6 small abominations (Gauntlet)
  5 scorpions
  A wight (D:8)
  A hornet simulacrum (D:15)
  An elephant simulacrum (Lair:5)
  A troll zombie (D:12)
  13 killer bees
  7 howler monkeys
  An electric eel (Lair:4)
  25 orc priests
  2 hounds
  A boggart zombie (D:15)
  2 sleepcaps
  8 iguanas
  35 orc wizards
  7 hell rats (Lair:2)
  5 ogre zombies (D:12)
  Robin (D:2)
  18 gnolls
  4 adders
  A white imp (D:7)
  2 ufetubi
  2 worms (D:2)
  2 dart slugs
  82 orcs
  6 ball pythons
  4 bats (D:1)
  6 endoplasms
  4 giant cockroaches
  18 hobgoblins
  9 jackals
  14 kobolds
  3 quokkas
  A frilled lizard (D:1)
  34 goblins
  A goblin skeleton (D:12)
  2 goblin zombies (D:12)
  2 hobgoblin skeletons (D:12)
  3 orc skeletons (D:12)
  11 orc zombies (D:12)
  3 rats
757 creatures vanquished.

Vanquished Creatures (others)
  3 humans (D:15)
  27 fungi
  41 plants
  9 toadstools (D:7)
  18 withered plants
98 creatures vanquished.

Grand Total: 855 creatures vanquished

Notes
Turn   | Place    | Note
-------+----------+-------------------------------------------
     0 | D:1      | Zeldest the Spriggan Hexslinger began the quest for the
                  | Orb.
     0 | D:1      | Reached XP level 1. HP: 9/9 MP: 3/3
     4 | D:1      | Noticed an eight-headed hydra
    50 | D:1      | Reached skill level 1 in Fighting
   150 | D:2      | Reached XP level 2. HP: 14/14 MP: 5/5
   283 | D:2      | Noticed Robin
   456 | D:2      | Killed Robin
   457 | D:2      | Reached skill level 1 in Transmutations
   457 | D:2      | Reached XP level 3. HP: 18/18 MP: 6/6
  1343 | D:2      | Reached XP level 4. HP: 23/23 MP: 7/7
  1494 | D:1      | Found a faded altar of an unknown god.
  1522 | D:1      | Prayed at the altar of an unknown god.
  1522 | D:1      | Became a worshipper of the Wu Jian Council
  1522 | D:1      | Reached * piety under Wu Jian
  1598 | D:1      | Noticed a seven-headed hydra
  1867 | D:3      | Found Xibir's Magic Scroll Boutique.
  1955 | D:3      | Found Puxkoto's Distillery.
  2254 | D:4      | Reached skill level 1 in Short Blades
  2381 | D:4      | Reached XP level 5. HP: 26/26 MP: 8/8
  2490 | D:4      | Noticed an ogre
  2507 | D:4      | Killed an ogre
  2604 | D:4      | Reached skill level 1 in Stealth
  2604 | D:4      | Reached XP level 6. HP: 31/32 MP: 9/9
  2623 | D:4      | Reached skill level 2 in Stealth
  2845 | D:4      | Reached ** piety under Wu Jian
  2967 | D:4      | Reached skill level 3 in Stealth
  3248 | D:3      | Found Buriv's Distillery.
  3316 | D:3      | Found Cogudet's Distillery.
  3408 | D:3      | Found Arotalur's Distillery.
  3676 | D:5      | Entered Level 5 of the Dungeon
  3730 | D:5      | Reached skill level 4 in Stealth
  3730 | D:5      | Reached XP level 7. HP: 35/35 MP: 10/10
  3822 | D:5      | Reached skill level 5 in Stealth
  3977 | D:5      | Found a runed translucent gate.
  3979 | D:5      | Noticed BlueFalcon's ghost (amateur DrCj)
  3981 | D:5      | Found a runed translucent gate.
  3982 | D:5      | Found a runed translucent gate.
  4382 | D:5      | Reached skill level 5 in Short Blades
  4382 | D:5      | Reached skill level 6 in Stealth
  4522 | D:5      | Reached skill level 1 in Conjurations
  4575 | D:5      | Found a runed translucent door.
  4577 | D:5      | Found a runed translucent gate.
  4577 | D:5      | Found a runed translucent gate.
  4585 | D:5      | Found a runed translucent gate.
  4587 | D:5      | Found a runed translucent door.
  4587 | D:5      | Noticed a redback
  4588 | D:5      | Noticed a redback
  4588 | D:5      | Noticed a redback
  4588 | D:5      | Noticed a redback
  4626 | D:5      | Found the +9 staff of Olgreb {rPois∞}
  4952 | D:5      | Found a staircase to the Ecumenical Temple.
  5276 | D:6      | Noticed a steam dragon
  5285 | D:6      | Reached skill level 7 in Stealth
  5285 | D:6      | Reached XP level 8. HP: 39/39 MP: 11/11
  5383 | D:6      | Learned a level 2 spell: Ensorcelled Hibernation
  5848 | D:4      | Reached skill level 8 in Stealth
  6664 | D:6      | Reached *** piety under Wu Jian
  6665 | D:6      | Reached skill level 5 in Transmutations
  6971 | D:7      | Found an iron altar of Okawaru.
  7464 | D:7      | Reached skill level 9 in Stealth
  7464 | D:7      | Reached XP level 9. HP: 43/43 MP: 12/12
  7840 | D:7      | Learned a level 5 spell: Irradiate
  7860 | D:7      | Reached skill level 10 in Stealth
  8578 | D:8      | Found a snail-covered altar of Cheibriados.
  8578 | D:8      | Noticed a two-headed ogre
  8578 | D:8      | Killed a two-headed ogre
  8579 | D:8      | Reached skill level 11 in Stealth
  8579 | D:8      | Reached XP level 10. HP: 47/47 MP: 13/13
  8805 | D:8      | Reached **** piety under Wu Jian
  9549 | D:8      | Reached skill level 5 in Conjurations
  9560 | D:8      | Reached skill level 12 in Stealth
 10583 | D:9      | Noticed a two-headed ogre
 10584 | D:9      | Killed a two-headed ogre
 10968 | D:9      | Reached ***** piety under Wu Jian
 11234 | D:9      | Reached XP level 11. HP: 51/51 MP: 13/15
 11326 | D:9      | Reached skill level 13 in Stealth
 11772 | D:10     | Entered Level 10 of the Dungeon
 11774 | D:10     | Identified a scroll of acquirement
 11774 | D:10     | Acquired 540 gold pieces
 11815 | D:10     | Noticed a death yak
 11815 | D:10     | Noticed a death yak
 11828 | D:10     | Noticed a death yak
 11980 | D:10     | Noticed SingularityParadox's ghost (journeyman DsGl)
 11985 | D:10     | Found a runed translucent door.
 12082 | D:10     | Reached skill level 10 in Transmutations
 12112 | D:10     | HP: 1/51 [vampire mosquito (9)]
 12146 | D:10     | Found a flagged portal.
 12158 | Bailey   | Entered a bailey
 12310 | Bailey   | Noticed an orc knight
 12333 | Bailey   | Killed an orc knight
 12625 | Bailey   | Reached skill level 5 in Hexes
 12678 | Bailey   | Noticed an orc warlord
 12678 | Bailey   | Identified the +9 glaive of Hell's Wrath {freeze, Will+}
 12882 | Bailey   | Reached skill level 10 in Short Blades
 13049 | Bailey   | Killed an orc warlord
 13293 | Bailey   | Acquired a +6 rapier of speed
 13627 | D:10     | Found a staircase to the Lair.
 13627 | D:10     | Noticed a death yak
 13628 | D:10     | Noticed a death yak
 13629 | D:10     | Noticed a death yak
 13630 | D:10     | Noticed a death yak
 13829 | D:10     | Killed a death yak
 14341 | D:10     | Found a glowing silver altar of Zin.
 14774 | D:10     | Killed a death yak
 14932 | D:11     | Reached skill level 1 in Translocations
 15265 | D:11     | Noticed Erolcha
 15284 | D:11     | Killed Erolcha
 15539 | D:11     | Noticed a rakshasa
 15542 | D:11     | Killed a rakshasa
 15542 | D:11     | Reached skill level 5 in Translocations
 15663 | D:11     | Noticed a white ugly thing
 15663 | D:11     | Noticed a two-headed ogre
 15697 | D:11     | Learned a level 2 spell: Blink
 15790 | D:11     | Killed a two-headed ogre
 15791 | D:11     | Reached XP level 12. HP: 56/56 MP: 15/18
 15874 | D:10     | Killed a death yak
 15875 | D:10     | Reached skill level 14 in Stealth
 15995 | Lair:1   | Entered Level 1 of the Lair of Beasts
 16001 | Lair:1   | Identified the +5 hand axe "Death Rattle" {heavy, rElec
                  | rCorr Int+4}
 16410 | Lair:1   | Noticed a death yak
 16478 | Lair:1   | Killed a death yak
 17076 | Lair:1   | Reached skill level 15 in Stealth
 17794 | Lair:2   | Noticed a six-headed hydra
 17836 | Lair:2   | Acquired the +1 cloak of Dudocyko {rF+ Regen+ Dex+2}
 17865 | Lair:2   | Killed a six-headed hydra
 18319 | Lair:2   | Reached skill level 16 in Stealth
 18693 | Lair:2   | Reached XP level 13. HP: 63/63 MP: 19/19
 19199 | Lair:3   | Found a staircase to the Shoals.
 19252 | Lair:3   | Found a gate leading to a gauntlet.
 19264 | Gauntlet | Entered a Gauntlet
 19264 | Gauntlet | Found a transporter.
 19265 | Gauntlet | Found a large runed translucent door.
 19266 | Gauntlet | Found a large runed translucent door.
 19267 | Gauntlet | Found a large runed translucent door.
 19267 | Gauntlet | Found a large runed translucent door.
 19267 | Gauntlet | Found a runed translucent door.
 19268 | Gauntlet | Found a large runed translucent door.
 19269 | Gauntlet | Found a large runed translucent door.
 19270 | Gauntlet | Found a large runed translucent door.
 19270 | Gauntlet | Found a large runed translucent door.
 19271 | Gauntlet | Found a runed translucent gate.
 19271 | Gauntlet | Found a runed translucent gate.
 19273 | Gauntlet | Found a transporter.
 19281 | Gauntlet | Found a runed translucent gate.
 19281 | Gauntlet | Found a runed translucent door.
 19282 | Gauntlet | Found a large runed translucent door.
 19282 | Gauntlet | Found a large runed translucent door.
 19283 | Gauntlet | Found a large runed translucent door.
 19284 | Gauntlet | Found a large runed translucent door.
 19288 | Gauntlet | Found a transporter.
 19293 | Gauntlet | Found a transporter.
 19310 | Gauntlet | Found a transporter.
 19328 | Gauntlet | Found a transporter.
 19331 | Gauntlet | Noticed a quicksilver ooze
 19340 | Gauntlet | Found a transporter.
 19352 | Gauntlet | Found a transporter.
 19358 | Gauntlet | Found a transporter.
 19373 | Gauntlet | Found a transporter.
 19388 | Gauntlet | Found a transporter.
 19402 | Gauntlet | Found a transporter.
 19420 | Gauntlet | Found a transporter.
 19422 | Gauntlet | Found a transporter.
 19448 | Gauntlet | Found a transporter.
 19450 | Gauntlet | Found a transporter.
 19466 | Gauntlet | Found a large runed translucent door.
 19466 | Gauntlet | Found a large runed translucent door.
 19467 | Gauntlet | Found a large runed translucent door.
 19468 | Gauntlet | Found a large runed translucent door.
 19470 | Gauntlet | Found a transporter.
 19550 | Gauntlet | Found a transporter.
 19721 | Gauntlet | Learned a level 3 spell: Dazzling Flash
 19721 | Gauntlet | Identified the +0 mace "Lauvak" {flame, *Corrode rPois
                  | Str+3}
 19957 | Gauntlet | Identified the ring of the Thistle {rElec rF+ Will- SInv
                  | Stlth+}
 19973 | Gauntlet | Identified the ring "Xaetucvy" {rElec Slay+2 SInv}
 19973 | Gauntlet | Noticed a minotaur
 19999 | Gauntlet | Killed a minotaur
 20000 | Gauntlet | Reached skill level 5 in Fighting
 20552 | Lair:3   | Noticed Gastronok
 20558 | Lair:3   | Found a hole to the Spider Nest.
 21080 | Lair:3   | Reached ****** piety under Wu Jian
 21233 | Lair:4   | Reached skill level 5 in Dodging
 21537 | Lair:4   | Found a staircase to the Slime Pits.
 21671 | Lair:4   | Reached skill level 5 in Spellcasting
 22209 | Lair:5   | Entered Level 5 of the Lair of Beasts
 22809 | D:12     | Found a staircase to the Orcish Mines.
 23349 | D:12     | Reached skill level 17 in Stealth
 23615 | Orc:1    | Entered Level 1 of the Orcish Mines
 23642 | Orc:1    | Noticed Urug
 23646 | Orc:1    | Killed Urug
 23731 | Orc:1    | Found Rostra Jupp's Assorted Antiques.
 23936 | Orc:2    | Entered Level 2 of the Orcish Mines
 24092 | Orc:2    | Found a staircase to the Elven Halls.
 24094 | Orc:2    | Noticed Josephine
 24140 | Orc:2    | Killed Josephine
 24200 | Orc:2    | Reached XP level 14. HP: 61/70 MP: 24/24
 24825 | Orc:2    | Gained mutation: Your magical capacity is low. (-10% MP) [a
                  | neqoxec]
 24861 | Orc:1    | Lost mutation: Your magical capacity is low. (-10% MP)
                  | [potion of mutation]
 24861 | Orc:1    | Gained mutation: Your skin changes colour to match your
                  | surroundings (Stealth+). [potion of mutation]
 24861 | Orc:1    | Gained mutation: You have sharp toenails. [potion of
                  | mutation]
 24955 | Orc:2    | Found Uschanea's Weapon Boutique.
 24956 | Orc:2    | Found Tuej's Assorted Antiques.
 24957 | Orc:2    | Found Kalish's Weapon Shop.
 24961 | Orc:2    | Found Nyosesi's Weapon Shop.
 24963 | Orc:2    | Bought the +7 captain's cutlass {speed, disarm} for 810
                  | gold pieces
 24963 | Orc:2    | Found the +7 captain's cutlass {speed, disarm}
 25023 | Orc:2    | Reached skill level 10 in Translocations
 25055 | Orc:1    | Noticed Snorg
 25059 | Orc:1    | Killed Snorg
 25070 | Orc:1    | Found a runed translucent gate.
 25070 | Orc:1    | Found a runed translucent gate.
 25070 | Orc:1    | Found a runed translucent gate.
 25098 | Orc:1    | Noticed Nudyvat's ghost (journeyman DsGl)
 25100 | Orc:1    | Found the +8 autumn katana {manifold assault}
 25101 | Orc:1    | Found an iron altar of Okawaru.
 25780 | Lair:5   | Reached skill level 18 in Stealth
 26472 | Lair:5   | Reached skill level 10 in Hexes
 26488 | Lair:5   | Identified the +8 war axe of Departure {drain, Fragile
                  | rElec Int+5}
 26905 | Lair:5   | Reached skill level 10 in Dodging
 26981 | Lair:5   | Found a transporter.
 26985 | Lair:5   | Found a transporter.
 26985 | Lair:5   | Noticed jimonade's ghost (journeyman GnWr)
 27494 | Lair:3   | Killed Gastronok
 27809 | D:13     | Found Ippi's Elemental Accessories.
 27962 | D:13     | Reached skill level 19 in Stealth
 28617 | D:14     | Reached XP level 15. HP: 55/74 MP: 25/25
 28644 | D:14     | Identified the +1 chain mail "Oziegh" {Int+4}
 28974 | D:14     | Found a transporter.
 28997 | D:14     | Noticed Imiczer's ghost (journeyman FoFi)
 29001 | D:14     | Noticed an iron dragon
 29211 | D:14     | Found a transporter.
 29357 | D:15     | Entered Level 15 of the Dungeon
 29564 | D:15     | Found Uceler's Weapon Boutique.
 29647 | D:15     | Found a staircase to the Depths.
 29713 | D:15     | Noticed Agnes
 29714 | D:15     | Killed Agnes
 29825 | D:15     | Noticed Jorgrun
 30055 | D:15     | Killed Jorgrun
 30190 | D:15     | Found a hazy altar of Hepliaklqana.
 30328 | D:15     | Noticed Kirke
 30352 | D:15     | Killed Kirke
 30752 | Lair:5   | Gained mutation: You expend magic power (3 MP) to
                  | strengthen your wands. [mutagenic glow]
 30943 | Lair:5   | Got the Commentary on Hurtful Blasphemous Mysteries
 31628 | Lair:5   | Identified the +3 scale mail "Usamog" {Will+ SInv}
 31684 | Lair:5   | Learned a level 7 spell: Enfeeble
 31822 | Spider:1 | Entered Level 1 of the Spider Nest
 31988 | Spider:1 | Reached XP level 16. HP: 79/79 MP: 26/26
 31996 | Spider:1 | Learned a level 6 spell: Dispersal
 32075 | Spider:1 | Slain by a pharaoh ant

Illustrated notes

Levels and vault maps discovered:
D:1:      sevenhm_arrival_forest_fort_small_2, layout_rooms,
          hellmonk_ecumenical_altar_inner_sanctum,
          nicolae_concentric_dashed_squares_mild, st_stairs_13, minmay_vboxes
D:2:      layout_basic, uniq_robin
D:3:      layout_loops_cross, serial_shops, shop, nicolae_shop_statue_plus,
          nicolae_shop_stone, shop, shop, hangedman_decor_push
D:4:      layout_basic, serial_corexii_hall, chequers_hall_statues_corner_a,
          corexii_hall_statues_x
D:5:      layout_loops_ring, temple_hall, gammafunk_ghost_nasty_kobolds,
          minmay_guarded_unrand_staff_of_olgreb
D:6:      layout_cave_pods, serial_rivers, chequers_serial_rivers_small_a,
          chequers_serial_rivers_small_b, chequers_serial_rivers_micro_a,
          chequers_serial_rivers_micro_d, chequers_serial_rivers_micro_d,
          item_on_display_a
D:7:      cheibrodos_fertilizer, layout_basic, kennysheep_okawaru_gauntlet
D:8:      layout_basic, special_room [special_room_orc], minmay_ruined_shrine
D:9:      layout_basic
D:10:     layout_loops_ring, zin_academy, dpeg_lair_monsters, enter_bailey_3,
          hellmonk_ghost_happy_afterlife
D:11:     minmay_opposing_rooms, layout_loops_cross, uniq_erolcha
D:12:     layout_long_grid, zombieorc1_lemuel
D:13:     layout_loops_corners, nicolae_elemental_shop
D:14:     layout_loops_ring, grunt_vaults_entry_fortified,
          gammafunk_ghost_berserking_beasts, dreamdust_looks_like_rain
D:15:     grunt_enter_depths_magical_seal, layout_rooms, serial_shops, shop,
          nicolae_hepliaklqana_hippocampus, st_stairs_9, uniq_agnes, uniq_kirke,
          uniq_jorgrun
Lair:1:   layout_cave_pods
Lair:2:   layout_cave_pods
Lair:3:   layout_cave_pods, shoals_dummy_entry, dummy_spider_entry,
          gauntlet_entry_generic, grunt_megastairs_3, uniq_gastronok
Lair:4:   layout_long_grid, dpeg_slime_entry_corner, lemuel_fruit_tree,
          serial_bayou_shore_a
Lair:5:   due_jungle_book, layout_long_grid, gammafunk_ghost_arena,
          hangedman_lair_unloving_vines, hangedman_lair_generics_rect,
          grunt_megastairs_5
Spider:1: layout_spider_delve, hangedman_spider_tarantella_strand
Orc:1:    layout_diamond_mine, serial_shops, shop,
          gammafunk_ghost_fury_of_okawaru, uniq_snorg, uniq_urug
Orc:2:    st_orc_mages, layout_caves, uniq_josephine

Skill      XL: |  1  2  3  4  5  6  7  8  9 10 11 12 13 14 15 |
---------------+----------------------------------------------+-----
Fighting       | 1 2 4 6 |  6.4
Transmutations | 1 3 5 7 9 10 | 10.5
Short Blades   | 1 2 4 5 6 8 9 12 13 14 | 14.0
Dodging        | 3 4 7 10 13 | 13.5
Stealth        | 1 4 7 9 11 12 13 16 17 19 | 19.2
Conjurations   | 1 3 4 5 |  5.5
Hexes          | 4 5 8 10 14 | 14.5
Spellcasting   | 2 3 6 |  6.0
Translocations | 6 9 12 14 | 14.9
Ranged Weapons | |  2.8

Action                     |  1- 3 |  4- 6 |  7- 9 | 10-12 | 13-15 | 16-18 || total
---------------------------+-------+-------+-------+-------+-------+-------++-------
  Melee: Dagger            |       |   106 |   250 |   497 |   116 |       ||   969
         Punch             |       |     1 |     8 |    11 |    34 |       ||    54
         Rapier            |       |       |       |   265 |   646 |       ||   911
         Cutlass           |       |       |       |       |   806 |    18 ||   824
         Kick              |       |       |       |       |   401 |     9 ||   410
   Fire: Sling             |   150 |    42 |     5 |     8 |     6 |       ||   211
  Throw: Dart              |       |       |       |     5 |     3 |       ||     8
         Throwing net      |       |       |       |       |     2 |       ||     2
   Cast: Slow              |     6 |       |       |     1 |       |       ||     7
         Ensorcelled Hiber |       |       |    25 |   132 |    92 |       ||   249
         Irradiate         |       |       |       |    22 |    12 |     1 ||    35
         Dazzling Flash    |       |       |       |       |    22 |       ||    22
 Invoke: Serpent's Lash    |       |       |     2 |     3 |    15 |       ||    20
Ability: Lunge             |       |     8 |    44 |   117 |   193 |     2 ||   364
         Whirlwind         |       |     2 |     4 |    20 |   249 |     2 ||   277
  Evoke: Wand              |       |       |     7 |    10 |     8 |       ||    25
         Lightning rod     |       |       |       |     4 |       |       ||     4
    Use: Scroll            |       |       |    10 |    22 |     8 |       ||    40
         Potion            |       |       |     1 |     6 |     7 |       ||    14
   Stab: Sleeping          |       |     6 |    24 |    92 |   127 |     1 ||   250
         Distracted        |       |       |     2 |     6 |     9 |       ||    17
         Paralysed         |       |       |     2 |     1 |       |       ||     3
         Fleeing           |       |       |       |       |     1 |       ||     1
         Held in net/web   |       |       |       |       |     1 |       ||     1
         Invisible         |       |       |       |       |    12 |       ||    12
 Armour: Robe              |     9 |    10 |     4 |    38 |    69 |       ||   130
  Dodge: Dodged            |    68 |    81 |   129 |   311 |   601 |    22 ||  1212

Table legend: (Time is in decaauts)
 A = Elapsed time spent in this place.
 B = Non-inter-level travel time spent in this place.
 C = Inter-level travel time spent in this place.
 D = Time resting spent in this place.
 E = Time spent auto-exploring this place.
 F = Levels seen in this place.
 G = Mean time per level.
                   A        B        C        D        E       F      G
               +--------+--------+--------+--------+--------+-----+--------+
         Total |  22854 |  21703 |   1151 |   7191 |   7454 |  25 |  914.2 |
       Dungeon |  13352 |  12772 |    580 |   4151 |   4856 |  15 |  890.1 |
          Lair |   6510 |   6030 |    480 |   2083 |   1921 |   5 | 1302.0 |
   Spider Nest |    111 |    111 |      0 |     26 |      0 |   1 |  111.0 |
  Orcish Mines |   1217 |   1127 |     90 |    178 |    472 |   2 |  608.5 |
        Bailey |   1165 |   1165 |      0 |    652 |     31 |   1 | 1165.0 |
      Gauntlet |    496 |    496 |      0 |    100 |    174 |   1 |  496.0 |
               +--------+--------+--------+--------+--------+-----+--------+

Top non-repeatable levels by time:
  Lair:5: 1729 daAuts
     D:8: 1672 daAuts
  Lair:1: 1438 daAuts
     D:5: 1352 daAuts
  Lair:4: 1339 daAuts
    D:10: 1189 daAuts
  Bailey: 1165 daAuts
     D:9: 1163 daAuts
     D:4: 1053 daAuts
  Lair:3: 1025 daAuts
     D:7: 1003 daAuts
  Lair:2: 977 daAuts
    D:11: 960 daAuts
     D:6: 881 daAuts
     D:2: 823 daAuts
